cohdb
Replays
Latest Replays
All Replays
Popular Replays
Top Player Replays
Match Explorer
How It Works
Community
CoH3 Stats
Reddit
Sign in to upload your games and track your stats! →
Sign in with Steam
Match 42512097
Unlisted
Match 42512097
Overview
Messages
Build Orders
End
Royal Engineer Section
Construct Section Command Post
Dingo Light Scout Car
Selects Canadian Shock Battlegroup
ML 3-inch Mortar Team
Selects Offensive Resupply
Selects Canadian Shock Section
Canadian Shock Section
Vickers Machine Gun Team
Canadian Shock Section
Selects Incendiary Munitions
Construct Platoon Command Post
Unlock M3 Stuart Light Tanks
M3 Stuart Light Tank
Construct Company Command Post
Selects Pyrotechnics
Selects Point Assault
Foot Guards Section
Crusader II Medium Tank
Crusader II Medium Tank
Foot Guards Section
Point Assault
CMP 15cwt Truck
Selects Churchill Crocodile Heavy Tank
Churchill Crocodile Heavy Tank
Armored Vehicle Training
Tok3n x Operator
TechT0nic
Pinec0ne
DPortela
0
0
Comments
sign in to comment!
No comments posted yet!